 Dungeon Crawl Stone Soup version 0.19.4-9-g45fd643 (webtiles) character file.

14829 Griselidis the Basher (level 11, 0/89 HPs)
             Began as a Demonspawn Berserker on Feb 17, 2017.
             Was a Believer of Trog.
             Slain by a black mamba (11 damage)
             ... on level 3 of the Lair of Beasts.
             The game lasted 00:41:18 (11936 turns).

Griselidis the Basher (Demonspawn Berserker)       Turns: 11936, Time: 00:41:19

Health: 0/89       AC: 21    Str: 18    XL:     11   Next: 93%
Magic:  11/11      EV: 11    Int:  9    God:    Trog [**....]
Gold:   654        SH:  0    Dex: 15    Spells: 0 memorised, 10 levels left

rFire  + . .     SeeInvis .     m - +4 whip
rCold  + . .     Gourm    .     i - +0 ring mail {rF+}
rNeg   . . .     Faith    .     (no shield)
rPois  .         Spirit   .     (helmet restricted)
rElec  .         Reflect  .     z - +2 cloak {+Inv}
rCorr  +         Harm     .     G - +1 pair of gloves
MR     ++...                    (no boots)
Stlth  +.........               (no amulet)
                                t - ring of resist corrosion
                                (no ring)

@: exhausted, about to teleport, sanguine armour, regenerating, slowed, very
slow
A: antennae 1, cold resistance 1, rot immunity, freezing cloud immunity,
sanguine armour 2
a: Berserk, Trog's Hand, Burn Spellbooks, Renounce Religion, Evoke Invisibility


You were on level 3 of the Lair of Beasts.
You worshipped Trog.
Trog was pleased with you.
You were not hungry.

You visited 3 branches of the dungeon, and saw 14 of its levels.

You collected 654 gold pieces.

Inventory:

Hand Weapons
 m - a +4 whip (weapon)
 Q - a +0 blowgun
 T - the +3 spear "Egot" {pierce, rElec rC+ rN+}
   (You found it on level 8 of the Dungeon)

   It inflicts extra damage upon your enemies.
   It protects you from cold.
   It insulates you from electricity.
   It protects you from negative energy.
Missiles
 K - 13 javelins of returning (quivered)
 P - 3 curare-tipped needles
 V - 7 tomahawks of dispersal
 X - 7 poisoned javelins
Armour
 h - a +0 chain mail
 i - a +0 ring mail of fire resistance (worn)
 z - a +2 cloak of invisibility (worn)
 G - a +1 pair of gloves (worn)
Jewellery
 s - a cursed -3 ring of protection {unknown}
 t - a ring of resist corrosion (right hand)
 R - an uncursed ring of fire
Wands
 E - a wand of iceblast (10/15)
Scrolls
 b - 2 scrolls of blinking
 e - 5 scrolls of enchant weapon
 j - a scroll of vulnerability {unknown}
 l - 2 scrolls of fog {unknown}
 n - 7 scrolls of teleportation
 o - 3 scrolls of enchant armour {unknown}
 p - 9 scrolls of identify {unknown}
 q - a scroll of torment {unknown}
 v - 6 scrolls of remove curse
 w - a scroll of magic mapping {unknown}
 A - 5 scrolls of amnesia {unknown}
 D - 3 scrolls of fear {unknown}
 L - 6 scrolls of immolation {unknown}
Potions
 f - 4 potions of curing
 g - 3 potions of magic {unknown}
 k - 3 potions of heal wounds {unknown}
 r - 3 potions of berserk rage {unknown}
 u - a potion of resistance {unknown}
 x - a potion of cure mutation {unknown}
 B - 3 potions of agility {unknown}
 F - a potion of cancellation {unknown}
 H - 5 potions of might {unknown}
 I - a potion of mutation {unknown}
 M - a potion of haste {unknown}
 N - 3 potions of lignification {unknown}
 S - 3 potions of invisibility {unknown}
Comestibles
 a - 7 meat rations
 c - 3 bread rations
 d - 4 beef jerkies
 C - 5 chunks of flesh
 J - 7 royal jellies
 Y - 3 fruits
 Z - 2 slices of pizza


   Skills:
 + Level 9.5 Fighting
 * Level 11.6 Maces & Flails
 - Level 7.4 Throwing
 + Level 8.4 Armour
 - Level 1.9 Dodging


You had 10 spell levels left.
You didn't know any spells.

Dungeon Overview and Level Annotations

Branches:
Dungeon (9/15)             Temple (1/1) D:5            Lair (4/6) D:9
  Snake (0/4) Lair:3          Orc (0/2) D:9
  Swamp: Lair:2-4    Shoals: Lair:2-4

Altars:
Ashenzari
Cheibriados
Dithmenos
Elyvilon
Fedhas
Gozag
Hepliaklqana
Kikubaaqudgha
Makhleb
Nemelex Xobeh
Okawaru
Qazlal
Ru
Sif Muna
Trog
Uskayaw
Vehumet
Xom
Yredelemnul
Zin
The Shining One

Shops:
D:7 !   D:9 ?


Innate Abilities, Weirdness & Mutations

You have a pair of small antennae on your head.
Your flesh is cold resistant. (rC+)
You are immune to rotting.
You are immune to freezing clouds.
When seriously injured, your bleeding wounds create thick armour. (AC +9)


Message History

The black mamba bites you but does no damage. x2
Okay, then.
As you read the scroll labeled FOTHROH NIM, it crumbles to dust.
You feel strangely unstable.
It was a scroll of teleportation.
The black mamba bites you but does no damage.
The black mamba bites you.
* * * LOW HITPOINT WARNING * * *
The black mamba bites you!
* * * LOW HITPOINT WARNING * * *
You are poisoned.
The black mamba poisons you!
Okay, then.
You feel better.
You feel the effects of Trog's Hand fading.
The black mamba bites you but does no damage.
The black mamba bites you.
* * * LOW HITPOINT WARNING * * *
Unknown command.
The black mamba closely misses you. The black mamba bites you!
You die...

P#.....# ###.....#...##..
.......# ##....P.#......#
#.###.......##..#..P#####
### #...#...P####...#
#..#...... #...#
..P##.....###..## .##
###...#.P..### # ##
#..........##..
####+###.#
###P.@.#..#....
.†......### ####S#....P#
####....#.### ##SS...##
#.....##.# #..>..##
#......P## ....P..#
##...#...............
#.........##.P...#....
#...##.#. ###.P###...
##'## . #.## #..


You could see a black mamba, a water moccasin and an adder.

Vanquished Creatures
  A hydra (Lair:2)
  A centaur zombie (D:6)
  The ghost of Hood the Destroyer, a novice OpCj of Vehumet (D:5)
  5 spiny frogs
  2 black mambas
  A rime drake (Lair:4)
  2 komodo dragons (Lair:1)
  2 hornets (D:9)
  Prince Ribbit (D:7)
  A blink frog (Lair:4)
  Grinder (D:3)
  A hippogriff (Lair:3)
  10 yaks
  2 humans (D:7)
  A steam dragon (D:9)
  Menkaure (D:7)
  A swamp drake (D:9)
  6 water moccasins
  4 orc warriors
  5 porcupines
  7 sky beasts
  A phantom (D:5)
  2 black bears (D:7)
  7 ogres
  8 wolves
  4 centaurs
  5 crocodiles
  2 big kobolds (D:8)
  4 bullfrogs
  A scorpion (D:9)
  5 vampire bats (Lair:2)
  13 wights
  A howler monkey (D:9)
  An electric eel (Lair:2)
  3 crimson imps
  A bullfrog zombie (D:7)
  5 hounds
  6 orc priests
  Crazy Yiuf (D:3)
  4 bullfrog skeletons
  12 orc wizards
  An iron imp (D:6)
  9 iguanas
  8 worker ants
  2 hound zombies
  2 hound skeletons
  Robin (D:3)
  2 worker ant zombies (D:9)
  11 gnolls
  8 adders
  3 river rats (D:9)
  An ooze (D:2)
  An adder zombie (D:7)
  3 worms
  A dart slug (D:1)
  6 leopard geckos
  40 orcs
  A ball python (D:2)
  8 bats
  7 giant cockroaches
  14 goblins
  8 hobgoblins
  20 jackals
  14 kobolds
  3 quokkas
  5 frilled lizards
  A goblin skeleton (D:6)
  A goblin zombie (D:6)
  A jackal skeleton (D:9)
  4 kobold skeletons (D:6)
  A kobold zombie (D:6)
  A leopard gecko skeleton (D:6)
  An orc skeleton (D:6)
  2 orc zombies (D:6)
  A quokka skeleton (D:7)
  7 rats
  A plant (D:1)
342 creatures vanquished.

Vanquished Creatures (others)
  A fungus (Lair:3)
  3 plants
4 creatures vanquished.

Grand Total: 346 creatures vanquished

Notes
Turn   | Place    | Note
-------+----------+-------------------------------------------
     0 | D:1      | Griselidis the Demonspawn Berserker began the quest for the Orb.
     0 | D:1      | Reached XP level 1. HP: 18/18 MP: 1/1
   131 | D:1      | Reached skill level 3 in Maces & Flails
   197 | D:1      | Gained mutation: When seriously injured, your bleeding wounds create armour. (AC +9) [demonic ancestry]
   197 | D:1      | Reached XP level 2. HP: 13/24 MP: 2/2
   995 | D:2      | Gained mutation: You have a pair of small antennae on your head. [demonic ancestry]
   995 | D:2      | Reached XP level 3. HP: 29/29 MP: 3/3
  1047 | D:2      | Reached ** piety under Trog
  1058 | D:2      | Found a faded altar of an unknown god.
  1185 | D:2      | Found a basalt altar of Yredelemnul.
  1459 | D:2      | Found a sparkling altar of Nemelex Xobeh.
  1459 | D:2      | Found a glowing golden altar of the Shining One.
  1460 | D:2      | Found a stormy altar of Qazlal.
  1926 | D:3      | Gained mutation: You are immune to rotting. [demonic ancestry]
  1926 | D:3      | Reached XP level 4. HP: 37/37 MP: 4/4
  1938 | D:3      | Noticed Robin
  1980 | D:3      | Killed Robin
  2086 | D:3      | Noticed Grinder
  2089 | D:3      | Gained mutation: Your flesh is cold resistant. (rC+) [demonic ancestry]
  2089 | D:3      | Reached XP level 5. HP: 32/42 MP: 5/5
  2094 | D:3      | Reached skill level 4 in Maces & Flails
  2132 | D:3      | Killed Grinder
  2132 | D:3      | Reached skill level 1 in Throwing
  2132 | D:3      | Gained mutation: When seriously injured, your bleeding wounds create thick armour. (AC +9) [demonic ancestry]
  2132 | D:3      | Reached XP level 6. HP: 49/49 MP: 6/6
  2369 | D:3      | Found a runed door.
  2573 | D:3      | Noticed Crazy Yiuf
  2580 | D:3      | Killed Crazy Yiuf
  3086 | D:4      | Reached skill level 5 in Maces & Flails
  3307 | D:4      | Reached XP level 7. HP: 55/55 MP: 7/7
  3486 | D:5      | Entered Level 5 of the Dungeon
  3500 | D:5      | Noticed Hood's ghost (novice OpCj)
  3527 | D:5      | Killed Hood's ghost
  3527 | D:5      | Reached skill level 5 in Fighting
  3670 | D:5      | Found a staircase to the Ecumenical Temple.
  3682 | Temple   | Entered the Ecumenical Temple
  3883 | D:5      | Reached skill level 6 in Maces & Flails
  3883 | D:5      | Gained mutation: You are immune to freezing clouds. [demonic ancestry]
  3883 | D:5      | Reached XP level 8. HP: 26/62 MP: 8/8
  4488 | D:5      | Reached skill level 7 in Maces & Flails
  4706 | D:6      | Reached *** piety under Trog
  4772 | D:6      | Reached skill level 5 in Armour
  4772 | D:6      | Reached XP level 9. HP: 70/70 MP: 9/9
  4813 | D:6      | Found a glowing golden altar of the Shining One.
  4971 | D:6      | Reached skill level 8 in Maces & Flails
  5749 | D:7      | Reached skill level 5 in Throwing
  5767 | D:7      | Received a gift from Trog
  5876 | D:7      | Noticed Prince Ribbit
  6151 | D:7      | Noticed Menkaure
  6157 | D:7      | Killed Menkaure
  6414 | D:7      | Killed Prince Ribbit
  6449 | D:7      | Found an iron altar of Okawaru.
  6467 | D:7      | Reached XP level 10. HP: 74/79 MP: 10/10
  6486 | D:7      | Reached skill level 9 in Maces & Flails
  6509 | D:7      | Found Osofaora's Distillery.
  7237 | D:8      | Found a radiant altar of Vehumet.
  7237 | D:8      | Found a burning altar of Makhleb.
  7345 | D:8      | Got a jewelled spear
  7346 | D:8      | Identified the +3 spear "Egot" {pierce, rElec rC+ rN+} (You found it on level 8 of the Dungeon)
  7352 | D:8      | Found a shadowy altar of Dithmenos.
  7574 | D:8      | Received a gift from Trog
  8240 | D:9      | Found a staircase to the Lair.
  8364 | D:9      | Received a gift from Trog
  8437 | D:9      | Found a staircase to the Orcish Mines.
  8735 | D:9      | Paralysed by a hornet for 1 turns
  8739 | D:9      | Paralysed by a hornet for 1 turns
  8741 | D:9      | Reached skill level 10 in Maces & Flails
  8966 | D:9      | Found Rucrir's Magic Scroll Shoppe.
  9426 | D:9      | Noticed a spiny frog
  9448 | D:9      | Killed a spiny frog
  9456 | Lair:1   | Entered Level 1 of the Lair of Beasts
  9473 | Lair:1   | Reached XP level 11. HP: 69/87 MP: 11/11
  9681 | Lair:1   | Received a gift from Trog
 10415 | Lair:2   | Noticed a seven-headed hydra
 10438 | Lair:2   | Killed a seven-headed hydra
 10472 | Lair:2   | Received a gift from Trog
 10493 | Lair:2   | Reached skill level 11 in Maces & Flails
 11291 | Lair:4   | HP: 6/133 [blink frog (6)]
 11864 | Lair:3   | Found a staircase to the Snake Pit.
 11936 | Lair:3   | Slain by a black mamba

Skill      XL: |  1  2  3  4  5  6  7  8  9 10 11 |
---------------+----------------------------------+-----
Maces & Flails | 3 4 5 6 7 8 10 11 | 11.6
Armour         | 2 3 4 5 6 7 8 |  8.4
Fighting       | 4 5 6 7 8 9 |  9.5
Throwing       | 1 2 3 4 5 6 7 |  7.4
Dodging        | |  1.9

Action                   |  1- 3 |  4- 6 |  7- 9 | 10-12 || total
-------------------------+-------+-------+-------+-------++-------
Melee: Mace              |    89 |       |       |       ||    89
       Whip              |   119 |   181 |   575 |   838 ||  1713
       Dire flail        |       |       |       |   139 ||   139
Throw: Javelin           |       |       |       |     4 ||     4
Invok: Trog's Hand       |       |     5 |    13 |    31 ||    49
       Berserk           |       |     3 |     7 |    18 ||    28
Evoke: Wand              |       |       |       |     2 ||     2
  Use: Scroll            |       |       |       |     6 ||     6
       Potion            |       |       |       |     2 ||     2
 Stab: Sleeping          |       |       |     1 |     2 ||     3
       Paralysed         |       |       |       |     1 ||     1
  Eat: Chunk             |     3 |     9 |    21 |    32 ||    65
       Meat ration       |       |       |       |     1 ||     1
       Bread ration      |       |       |       |     1 ||     1
       Pizza             |       |       |       |     1 ||     1
       Royal jelly       |       |       |       |     2 ||     2
Armor: Animal skin       |    12 |       |       |       ||    12
       Chain mail        |    36 |   161 |   236 |       ||   433
       Skin              |       |       |     4 |       ||     4
       Ring mail         |       |       |     3 |   425 ||   428
Dodge: Dodged            |    51 |   117 |   161 |   446 ||   775
